 Dungeon Crawl Stone Soup version 0.28.0-49-g6dfe1f597d (console) character file.

Game seed: 8274810587242898022

23 Faeu the Skirmisher (level 2, -5/27 HPs)
             Began as a Minotaur Berserker on May 15, 2022.
             Was a Follower of Trog.
             Killed from afar by an orc wizard (6 damage)
             ... with a magic dart
             ... on level 2 of the Dungeon.
             The game lasted 00:00:34 (974 turns).

Faeu the Skirmisher (Minotaur Berserker)             Turns: 974, Time: 00:00:35

Health: -5/27      AC:  2    Str: 21    XL:     2   Next: 72%
Magic:  1/1        EV: 12    Int:  4    God:    Trog [*.....]
Gold:   30         SH:  0    Dex:  9    Spells: 1/1 levels left

rFire   . . .      SeeInvis .   a - +0 hand axe {axe}
rCold   . . .      Faith    .   (no shield)
rNeg    . . .      Spirit   .   b - +0 animal skin
rPois   .          Reflect  .   (helmet restricted)
rElec   .          Harm     .   (no cloak)
rCorr   .          Rampage  .   (no gloves)
Will    .....                   (no boots)
Stlth   +.........              (no amulet)
HPRegen 0.09/turn               (no ring)
MPRegen 0.07/turn               (no ring)

@: confused
A: horns 2, retaliatory headbutt
a: Renounce Religion, Berserk


You were on level 2 of the Dungeon.
You worshipped Trog.
Trog was aware of your devotion.
You visited 1 branch of the dungeon, and saw 2 of its levels.

You collected 30 gold pieces.


Innate Abilities, Weirdness & Mutations

You have a pair of horns on your head.
You reflexively headbutt those who attack you in melee.


   Skills:
 + Level 4.0 Fighting
 + Level 4.0 Axes
 + Level 2.9 Armour
 + Level 2.6 Dodging


You had one spell level left.
You didn't know any spells.
Your spell library was empty.

Inventory:

Hand Weapons
 a - a +0 hand axe (weapon) {axe}
Armour
 b - a +0 animal skin (worn)
Jewellery
 c - an amulet of reflection
   (You found it on level 1 of the Dungeon)
 f - a ring of protection from cold
   (You found it on level 1 of the Dungeon)
Scrolls
 d - a scroll of silence {unknown}
 g - a scroll of fog {unknown}
Potions
 e - a potion of resistance {unknown}

Dungeon Overview and Level Annotations

Branches:
Dungeon (2/15)

Altars:

##### ## #...#
...### #.#.#########
##....###.#.........
..........#.#####.##
#......o#....#......
#.#...#@#..#...##..#
#....o{o#.#.......##
#......o#.##.####..#
#.......#.##.....##.
#.#...#.#.##.....#
#.......#........#
##.....##.##.....#
##$⌠$###.##.....#
.#######..########
.........####
#..........#


You could see an orc priest and 3 orcs.


Message History

Where to? (? - help)
There is a stone staircase leading down here.
You climb downwards.
There is a stone staircase leading up here.
g - a scroll labelled JIRRIH FYULIOR No target in view! 2 orcs come into view.
The orc shouts!
You hear a shout!
An orc comes into view. It is wielding a +0 short sword.
An orc comes into view. It is wielding a +0 flail.
The orc moves out of view.
An orc, an orc priest and an orc wizard come into view.
The orc priest begins to cast a cantrip, but forgets the words!
There are monsters nearby!
The orc shouts! x3
There are monsters nearby!
The orc priest mumbles some strange prayers to Beogh against you.
Beogh smites you!
There are monsters nearby!
You are too injured to fight recklessly!
There are monsters nearby!
You are too injured to fight recklessly!
There are monsters nearby!
You are too injured to fight recklessly!
There are monsters nearby!
You are too injured to fight recklessly!
There are monsters nearby!
You are too injured to fight recklessly!
There are monsters nearby!
You are too injured to fight recklessly!
There are monsters nearby!
You are too injured to fight recklessly!
There are monsters nearby!
You are too injured to fight recklessly!
There are monsters nearby!
You are too injured to fight recklessly!
There are monsters nearby!
You are too injured to fight recklessly!
There are monsters nearby!
You are too injured to fight recklessly!
There are monsters nearby!
You are too injured to fight recklessly!
There are monsters nearby!
You are too injured to fight recklessly!
There are monsters nearby!
You are too injured to fight recklessly!
There are monsters nearby!
You are too injured to fight recklessly!
The orc priest casts a cantrip, but nothing happens.
The orc wizard gestures wildly while chanting.
The orc wizard flickers and vanishes!
Deactivating autopickup; reactivate with Ctrl-A. 😮 HP[-12]
You take 12 damage, and now have 15/27 hp.
MASSIVE DAMAGE!! (PAUSE)
You barely miss the orc. You hit the orc but do no damage. You hit the orc.
The orc misses you. You furiously retaliate!
You headbutt the orc.
You kill the orc!
Trog accepts your kill. The orc barely misses you.
Your Axes skill increases to level 4!
You hit the orc. x3; The orc closely misses you.
You furiously retaliate!
You headbutt the orc. The orc hits you but does no damage.
You hit the orc. You hit the orc but do no damage. You hit the orc.
You kill the orc!
Trog accepts your kill.
The orc priest mumbles some strange prayers to Beogh against you.
Pain shoots through your body!
* * * LOW HITPOINT WARNING * * *
The orc hits you with a +0 dagger.
* * * LOW HITPOINT WARNING * * *
😨 HP[-5]
You take 5 damage, and now have 10/27 hp.
You hit the orc. You hit something.
The orc priest begins to cast a cantrip, but forgets the words!
The orc misses you.
You closely miss the orc. You miss something. You hit the orc but do no damage.
You hear some strange, mumbled words.
You are confused.
The orc hits you with a +0 flail.
* * * LOW HITPOINT WARNING * * *
The orc priest looks satisfied for a moment.
The orc hits you but does no damage. 😨 HP[-3]
You take 3 damage, and now have 7/27 hp.
You're too confused to move!
Something hits you.
* * * LOW HITPOINT WARNING * * *
The orc hits you with a +0 flail.
* * * LOW HITPOINT WARNING * * *
The orc hits you with a +0 dagger.
* * * LOW HITPOINT WARNING * * *
😱 HP[-6]
You take 6 damage, and now have 1/27 hp.
MASSIVE DAMAGE!! (PAUSE)
You bump into the stone wall.
You hear some strange, mumbled words.
A magic dart appears from out of thin air!
The magic dart hits you.
You die...

Skill      XL: |  1  2 |
---------------+-------+-----
Fighting       | 4 |  4.0
Axes           | 4 |  4.0
Armour         | |  2.9
Dodging        | |  2.6

Action                   || total
-------------------------++-------
Melee: Hand axe          ||    35
       Headbutt          ||     6
       Punch             ||     1
Armor: Animal skin       ||    10
Dodge: Dodged            ||    22

Levels and vault maps discovered:
D:1:      dpeg_arrival_fog, layout_basic, ebering_ecumenical_altar_petrified,
          minivault_23
D:2:      cheibrodos_pilgrimage, layout_loops_cross, minmay_three_crescents

Notes
Turn   | Place    | Note
-------+----------+-------------------------------------------
     0 | D:1      | Faeu the Minotaur Berserker began the quest for the Orb.
     0 | D:1      | Reached XP level 1. HP: 19/19 MP: 0/0
     0 | D:1      | magus.rc [v1.9.6]
   201 | D:1      | Reached XP level 2. HP: 27/27 MP: 1/1
   204 | D:1      | Found a faded altar of an unknown god.
   758 | D:1      | Reached skill level 4 in Fighting
   969 | D:2      | Reached skill level 4 in Axes
   973 | D:2      | HP: 6/27 [something (1)]
   973 | D:2      | HP: 1/27 [orc/+0 dagger (2)]
   974 | D:2      | Killed from afar by an orc wizard

Vanquished Creatures
  A dart slug (D:1)
  2 orcs (D:2)
  2 endoplasms (D:1)
  A goblin (D:1)
  3 hobgoblins (D:1)
  A kobold (D:1)
  2 ball pythons (D:1)
  3 bats (D:1)
  2 rats (D:1)
17 creatures vanquished.

Table legend:
 A = Non-vault XP
 B = Vault XP
 C = Vault XP percentage of total XP
 D = Non-vault monster count
 E = Vault monster count
 F = Vault count percentage of total count
                 A         B        C        D         E       F
            +---------+---------+-------+---------+---------+-------
      Total |      27 |       6 |  18.2 |      15 |       2 |  11.8
            +---------+---------+-------+---------+---------+-------
        D:1 |      27 |       0 |   0.0 |      15 |       0 |   0.0
        D:2 |       0 |       6 | 100.0 |       0 |       2 | 100.0
            +---------+---------+-------+---------+---------+-------

Illustrated notes

Table legend:
 A = Kills in this place as a percentage of kills in entire the game.
 B = Kills by you in this place as a percentage of kills by you in the entire game.
 C = Kills by friends in this place as a percentage of kills by friends in the entire game.
 D = Other kills in this place as a percentage of other kills in the entire game.
 E = Experience gained in this place as a percentage of experience gained in the entire game.
 F = Experience gained in this place divided by the number of levels of this place that you have seen.
                   A       B       C       D       E      F
               +-------+-------+-------+-------+-------+----------------------
         Total | 100.0 | 100.0 |   N/A |   N/A | 100.0 |  16.5
       Dungeon | 100.0 | 100.0 |   N/A |   N/A | 100.0 |  16.5
               +-------+-------+-------+-------+-------+----------------------

Table legend: (Time is in decaauts)
 A = Elapsed time spent in this place.
 B = Non-inter-level travel time spent in this place.
 C = Inter-level travel time spent in this place.
 D = Time resting spent in this place.
 E = Time spent auto-exploring this place.
 F = Levels seen in this place.
 G = Mean time per level.
                   A        B        C        D        E       F      G
               +--------+--------+--------+--------+--------+-----+--------+
         Total |    977 |    944 |     33 |      0 |    851 |   2 |  488.5 |
       Dungeon |    977 |    944 |     33 |      0 |    851 |   2 |  488.5 |
               +--------+--------+--------+--------+--------+-----+--------+

Top non-repeatable levels by time:
     D:1: 896 daAuts
     D:2: 81 daAuts
